 Dungeon Crawl Stone Soup version 0.32-a0-433-g08bcfe7efd (webtiles) character file.

Game seed: 17705681850235770052

1533260 RepHenryClay the Slayer (level 27, 233/233 HPs)
             Began as a Coglin Gladiator on Feb 20, 2024.
             Was a High Priest of Okawaru.
             Escaped with the Orb
             ... and 3 runes on Feb 22, 2024!
             The game lasted 03:37:46 (86996 turns).

RepHenryClay the Slayer (Coglin Gladiator)         Turns: 86996, Time: 03:37:46

Health: 233/233    AC: 28    Str: 23    XL:     27
Magic:  33/33      EV: 31    Int:  7    God:    Okawaru [*****.]
Gold:   2672       SH:  0    Dex: 26    Spells: 26/26 levels left

rFire   + + +        q - +8 trishula (holy) {Cihuaton}
rCold   + + +        E - +4 demon trident (flame) {Yashnoor}
rNeg    + . .        n - quicksilver dragon scales
rPois   +            K - +2 helmet {SInv}
rElec   +            j - scarf {rC+ rF+}
rCorr   .            T - +2 pair of gloves {Dex+3}
SInv    +            r - +0 pair of boots of Iqoiz {rElec SInv}
Will    +++..        W - dreamdust necklace {Acrobat}
Stlth   +            l - ring of the Archfiend {rC+ rN+ Int-2 Dex+4}
HPRegen 0.58/turn    m - ring of the Princess {rPois rF++ Str+2 Dex-3 SInv}
MPRegen 0.23/turn

%: acrobat
@: hasted, very quick
A: off-hand wielding, slow wielding, warmup strikes, legs shutdown, cold
resistance 1, electricity resistance
0: Orb of Zot
}: 3/15 runes: decaying, serpentine, silver
a: Renounce Religion, Heroism, Finesse, Duel


You escaped.
You worshipped Okawaru.
Okawaru was extremely pleased with you.
You visited 11 branches of the dungeon, and saw 49 of its levels.
You visited 1 bazaar.
You also visited: Trove, Bailey, Wizlab and Desolation.

You collected 8009 gold pieces.
You spent 5337 gold pieces at shops.

Inventory:

Hand Weapons
 q - a +8 trishula of holy wrath (weapon) {Cihuaton}
 E - a +4 demon trident of flaming (offhand) {Yashnoor}
Missiles
 d - 3 throwing nets
 u - 25 silver javelins
 y - 21 javelins
 H - 37 poisoned darts (quivered)
 L - 8 curare-tipped darts
Armour
 f - the +1 pair of gloves "Guufued" {Regen+ Int+4}
   (You found it in a treasure trove)

   Int+4:     It affects your intelligence (+4).
   Regen+:    It increases your rate of health regeneration.
 g - the +4 chain mail of Duty {rCorr Int+6}
   (Okawaru gifted it to you on level 3 of the Lair of Beasts)

   Int+6:     It affects your intelligence (+6).
   rCorr:     It protects you from acid and corrosion.
 j - a scarf of resistance (worn)
 n - quicksilver dragon scales (worn)
 r - the +0 pair of boots of Iqoiz (worn) {rElec SInv}
   (You bought it in a shop on level 2 of the Orcish Mines)

   rElec:     It insulates you from electricity.
   SInv:      It lets you see invisible.
 K - a +2 helmet of see invisible (worn)
 T - a +2 pair of gloves of dexterity (worn)
 X - the scarf of Kathenotheism {repulsion, rN++ SInv}
   (You bought it in a shop on level 2 of the Orcish Mines)

   rN++:      It greatly protects you from negative energy.
   SInv:      It lets you see invisible.
 Y - a +3 chain mail of fire resistance
Jewellery
 e - the ring of Sytu {Wiz Will+ SInv}
   (You took it off an imperial myrmidon in the Desolation of Salt)

   [ring of wizardry]

   Wiz:       It improves your spell success rate.
   Will+:     It increases your willpower.
   SInv:      It lets you see invisible.
 l - the ring of the Archfiend (left grasper) {rC+ rN+ Int-2 Dex+4}
   (You bought it in a shop on level 2 of the Orcish Mines)

   [ring of protection from cold]

   Int-2:     It affects your intelligence (-2).
   Dex+4:     It affects your dexterity (+4).
   rC+:       It protects you from cold.
   rN+:       It protects you from negative energy.
 m - the ring of the Princess (right grasper) {rPois rF++ Str+2 Dex-3 SInv}
   (You took it off a tengu reaver on level 5 of the Vaults)

   [ring of poison resistance]

   Str+2:     It affects your strength (+2).
   Dex-3:     It affects your dexterity (-3).
   rF++:      It greatly protects you from fire.
   rPois:     It protects you from poison SInv: It lets you see invisible.
 w - a ring of protection from fire
 B - the ring "Hidgh" {Wiz rCorr Str+3}
   (You took it off a deep elf master archer on level 3 of the Elven Halls)

   [ring of wizardry]

   Wiz:       It improves your spell success rate.
   Str+3:     It affects your strength (+3).
   rCorr:     It protects you from acid and corrosion.
 G - the ring of Letilu {Fire rN++ SInv}
   (You found it on level 13 of the Dungeon)

   [ring of fire]

   Fire:      It enhances your fire magic.
   rF+:       It protects you from fire.
   rC-:       It makes you vulnerable to cold.
   rN++:      It greatly protects you from negative energy.
   SInv:      It lets you see invisible.
 J - an amulet of regeneration
 N - a ring of flight
 R - a ring of willpower
 U - the ring "Aluyx" {rPois rC+ AC+4 Dex+3}
   (You bought it in a shop on level 10 of the Dungeon)

   [ring of protection]

   AC+4:      It affects your AC (+4).
   Dex+3:     It affects your dexterity (+3).
   rC+:       It protects you from cold.
   rPois:     It protects you from poison
 W - the dreamdust necklace (around neck) {Acrobat}
   (You took it off a tengu reaver on level 3 of the Depths)

   [amulet of the acrobat]

   Acrobat:   It increases your evasion while moving and waiting.
Wands
 k - a wand of light (13)
 C - a wand of mindburst (33)
 F - a wand of iceblast (15)
 I - a wand of paralysis (73)
 M - a wand of digging (8)
Scrolls
 c - 10 scrolls of fog
 s - 2 scrolls of blinking
 x - 2 scrolls of revelation
 z - 12 scrolls of teleportation
 A - 3 scrolls of enchant armour
 P - a scroll of brand weapon
Potions
 a - 4 potions of might
 b - 5 potions of haste
 h - 5 potions of invisibility
 i - a potion of cancellation
 p - a potion of magic
 v - 12 potions of curing
 D - 4 potions of resistance
 Q - 2 potions of heal wounds
 S - 10 potions of enlightenment
 V - 15 potions of mutation
Miscellaneous
 o - a phial of floods
 t - a condenser vane
 Z - a lightning rod (4/4)


   Skills:
 + Level 22.5 Fighting
 - Level 18.0(18.9) Axes
 - Level 9.2(14.0) Polearms
 - Level 16.0 Throwing
 - Level 22.0 Armour
 - Level 22.0 Dodging
 - Level 13.7 Invocations
 - Level 19.0 Evocations


You had 26 spell levels left.
You didn't know any spells.
Your spell library contained the following spells:

 Spells                   Type           Power      Damage    Failure   Level
 Foxfire                  Conj/Fire      0%         2x1d4     52%         1
 Freeze                   Ice            0%         1d3       52%         1
 Kiss of Death            Conj/Necr      0%         2d5       52%         1
 Necrotise                Necr           0%         1d4       52%         1
 Sandblast                Erth           0%         2d4       52%         1
 Shock                    Conj/Air       0%         1d3       52%         1
 Cigotuvi's Dreadful Rot  Necr/Alch/Air  0%         N/A       65%         2
 Jinxbite                 Hex            0%         N/A       65%         2
 Mercury Vapours          Alch/Air       0%         N/A       65%         2
 Momentum Strike          Conj/Tloc      0%         3d8       65%         2
 Scorch                   Fire           0%         2d5       65%         2
 Confusing Touch          Hex            0%         N/A       87%         3
 Frozen Ramparts          Ice            0%         1d1       87%         3
 Fugue of the Fallen      Necr           0%         N/A       87%         3
 Gell's Gravitas          Tloc           0%         N/A       87%         3
 Hailstorm                Conj/Ice       0%         3d5       87%         3
 Inner Flame              Hex/Fire       0%         N/A       87%         3
 Ozocubu's Armour         Ice            0%         N/A       87%         3
 Passwall                 Erth           0%         N/A       87%         3
 Sigil of Binding         Hex            0%         N/A       87%         3
 Stone Arrow              Conj/Erth      0%         3d7       87%         3
 Swiftness                Air            0%         N/A       87%         3
 Teleport Other           Tloc           0%         N/A       87%         3
 Vampiric Draining        Necr           0%         2d6       87%         3
 Volatile Blastmotes      Fire/Tloc      0%         2d10      87%         3
 Airstrike                Air            0%         2d(0-16)  99%         4
 Anguish                  Hex/Necr       0%         N/A       99%         4
 Brom's Barrelling Bould  Conj/Erth      0%         2d3       99%         4
 Cause Fear               Hex            0%         N/A       99%         4
 Dimensional Bullseye     Hex/Tloc       0%         N/A       99%         4
 Dispel Undead            Necr           0%         3d6       99%         4
 Flame Wave               Conj/Fire      0%         2d4       99%         4
 Fulminant Prism          Conj/Alch      0%         3d5       99%         4
 Ignite Poison            Fire/Alch      0%         N/A       99%         4
 Iskenderun's Mystic Bla  Conj/Tloc      0%         2d3       99%         4
 Manifold Assault         Tloc           0%         N/A       99%         4
 Passage of Golubria      Tloc           0%         N/A       99%         4
 Sticky Flame             Fire/Alch      0%         2d4       99%         4
 Vhi's Electric Charge    Tloc/Air       0%         N/A       99%         4
 Alistair's Intoxication  Alch           0%         N/A       100%        5
 Arcjolt                  Conj/Air       0%         1d10      100%        5
 Borgnjor's Vile Clutch   Necr/Erth      0%         N/A       100%        5
 Curse of Agony           Necr           0%         N/A       100%        5
 Fireball                 Conj/Fire      0%         3d3       100%        5
 Freezing Cloud           Conj/Ice/Air   0%         6-21      100%        5
 Irradiate                Conj/Alch      0%         3d11      100%        5
 Iskenderun's Battlesphe  Conj           0%         2d6       100%        5
 Metabolic Englaciation   Hex/Ice        0%         N/A       100%        5
 Silence                  Hex/Air        0%         N/A       100%        5
 Yara's Violent Unravell  Hex/Alch       0%         3d3       100%        5
 Conjure Ball Lightning   Conj/Air       0%         3x3d6     100%        6
 Dispersal                Tloc           0%         N/A       100%        6
 Eringya's Noxious Bog    Alch           0%         4d6       100%        6
 Plasma Beam              Fire/Air       0%         2x1d10    100%        6
 Starburst                Conj/Fire      0%         6d3       100%        6
 Enfeeble                 Hex            0%         N/A       100%        7
 Orb of Destruction       Conj           0%         9d5       100%        7
 Discord                  Hex            0%         N/A       100%        8
 Disjunction              Tloc           0%         N/A       100%        8
 Ignition                 Fire           0%         3d3       100%        8
 Lehudib's Crystal Spear  Conj/Erth      0%         10d2      100%        8
 Maxwell's Capacitive Co  Air            0%         ∞         100%        8
 Polar Vortex             Ice            0%         N/A       100%        9
 Call Canine Familiar     Summ           Unusable   N/A       N/A         3
 Martyr's Knell           Necr/Summ      Unusable   N/A       N/A         4
 Summon Forest            Summ/Tloc      Unusable   N/A       N/A         5
 Death Channel            Necr           Unusable   N/A       N/A         6
 Summon Cactus Giant      Summ           Unusable   N/A       N/A         6
 Summon Hydra             Summ           Unusable   N/A       N/A         7

Dungeon Overview and Level Annotations

Branches:
Dungeon (15/15)            Temple (1/1) D:7            Lair (5/5) D:11
  Swamp (4/4) Lair:3        Snake (4/4) Lair:3        Slime (0/5) Lair:4
    Orc (2/2) D:12            Elf (3/3) Orc:2        Vaults (5/5) D:14
  Crypt (0/3) Vaults:2     Depths (4/4) D:15           Hell (visited)
    Zot (5/5) Depths:4     Bailey (visited)          WizLab (visited)
Desolation (visited)
    Dis: Hell:1         Geh: Hell:1         Coc: Hell:1         Tar: Hell:1

Altars:
Ashenzari
Cheibriados
Dithmenos
Elyvilon
Fedhas
Gozag
Hepliaklqana
Kikubaaqudgha
Makhleb
Nemelex Xobeh
Okawaru
Qazlal
Ru
Sif Muna
Trog
Uskayaw
Vehumet
Wu Jian
Xom
Yredelemnul
Zin
The Shining One
Beogh
Jiyva

Shops:
D:1 (   D:3 (   D:6 ?   D:10 =   D:12 [   Orc:2 *([=   Elf:1 (   Snake:4 :

Portals:
Hell: Depths:1 Depths:2 Depths:3 Depths:4
Abyss: Depths:3
Pandemonium: Depths:2
Ziggurat: Depths:4

Annotations:
Depths:4 exclusions: daeva and 3 more exclusions


Innate Abilities, Weirdness & Mutations

You can wield a second weapon in your off-hand.
It takes a long time for you to wield or remove held weapons.
Your first few attacks do less damage.
Attacking and casting redirects power from your legs.
Your flesh is cold resistant. (rC+)
You are resistant to electric shocks. (rElec)


Message History

What level of the Dungeon? (default 1, ? - help)
There is a stone staircase leading up here.
You climb upwards.
There is a stone staircase leading down here.
Things that are here:
a +1 vampiric dagger; a +0 sling; a goblin skeleton
Things that are here:
a +0 ring mail; a +0 dagger
There is a stone staircase leading up, spattered with blood here.
You climb upwards.
There is a stone staircase leading down here.
Things that are here:
a +0 hand axe; an orc skeleton
There is a stone staircase leading up here.
You climb upwards.
There is a stone staircase leading down here.
There is an open door here.
There is an open gate here.
Yssiy comes into view.
Yssiy moans, "Disclaim thyself, thou plume-plucked flat-headed apple-john!"
An orange demon comes into view.
Okay, then.
Unknown command.
Press: ? - help, v - describe, . - travel
Here: Yssiy The floor.
You feel yourself speed up. Yssiy gestures at you. The bolt of acid misses you.
Yssiy gestures.
Press: ? - help, v - describe, . - travel
Here: Yssiy The floor.
The neqoxec shouts!
A hellephant comes into view.
The neqoxec completely misses you. The orange demon completely misses you.
The orange demon completely misses you. The orange demon misses you.
There is a staircase leading out of the dungeon here.
You have escaped!

# #......####...#...............#.
# #..#.#.####...#..#.##.##........
####.............#..#....##......#.
...............#.#..#.#..##......#.
####..#.#.#####....................
...........#####.#.......###.......
#.##................#..............
...#..###.###############.###...###
..........#......@......#.# #...#..
..........#....3..4.....#.# #...#.#
..........##...#####...##.# #...#.#
#..#..##..##...## ##...##.# #......
#..#......###...# #...##..###...#.#
#..#.......##...###...#.........#.#
...........###...#...##...####..#.#
##.#.......# #...#...##...####..#.#
##.#.......####..Y..###.........#.#


You could see an orange demon and a neqoxec (summoned).

Vanquished Creatures
  Frederick (Depths:4)
  4 dread liches
  5 orbs of fire (Zot:5)
  4 ancient liches
  A juggernaut (Depths:3)
  Mennas (Depths:4)
  Sojobo (Depths:2)
  6 Killer Klowns
  Vashnia (Snake:4)
  A caustic shrike (Depths:3)
  Nikola (Vaults:3)
  Geryon (Hell)
  4 curse toes
  Jory (Depths:4)
  11 golden dragons
  2 bone dragons
  3 electric golems
  2 doom hounds
  Rupert (D:15)
  5 liches
  12 tentacled monstrosities
  2 deep elf master archers (Elf:3)
  3 deep elf blademasters
  3 titans
  25 Orb Guardians (Zot:5)
  Grunn (Depths:4)
  9 quicksilver dragons
  10 sphinxes
  An ancient champion (Vaults:2)
  8 death cobs
  15 storm dragons
  13 tengu reavers
  9 shadow dragons
  Agnes (Snake:2)
  A thorn hunter (Swamp:4)
  7 protean progenitors
  3 fenstrider witches
  A daeva (Vaults:2)
  3 nagarajas
  19 fire giants
  7 draconian monks
  7 draconian knights
  11 frost giants
  11 draconian scorchers
  7 deep elf sorcerers
  20 vault wardens
  4 iron dragons
  6 draconian shifters
  An imperial myrmidon (Desolation)
  2 ghost moths
  2 reapers (Hell)
  An angel (Vaults:2)
  4 deep elf elementalists (Elf:3)
  3 orc warlords
  2 spriggan defenders (Depths:3)
  5 draconian annihilators
  12 very ugly things
  3 draconian stormcallers
  20 ironbound preservers
  18 stone giants
  Nessos (Lair:5)
  12 ironbound thunderhulks
  6 deep elf demonologists (Elf:3)
  3 formless jellyfish
  9 green draconians
  5 vampire knights
  3 eleionomae
  The ghost of Sobieck the Cleaver, a journeyman CoBe of Trog (D:13)
  15 yellow draconians
  13 white draconians
  17 black draconians
  2 lorocyprocas (Depths:2)
  20 red draconians
  3 war gargoyles (Vaults:5)
  13 dire elephants
  5 bunyips
  7 deep elf death magi
  18 purple draconians
  8 deep elf annihilators
  The ghost of LobsterGuardian the Martial Artist, a journeyman OpSh of Yredelemnul (Lair:1)
  10 spark wasps
  Azrael (D:15)
  The ghost of Livid the Severer, a journeyman CoBe of Trog (D:11)
  4 crystal guardians (Desolation)
  11 fire dragons
  Josephine (Lair:4)
  16 ettins
  A jiangshi (Depths:2)
  5 deep elf high priests
  A shambling mangrove (Swamp:1)
  16 yaktaur captains
  2 entropy weavers
  5 ragged hierophants (Desolation)
  A merfolk javelineer (Depths:1)
  33 vault guards
  3 peacekeepers (Desolation)
  11 rakshasas
  An entropy weaver (shapeshifter) (D:14)
  4 great orbs of eyes
  2 hell beasts
  4 salamander tyrants
  3 servants of whispers (Desolation)
  7 ice dragons
  10 hydras
  A catoblepas (D:15)
  3 ghost crabs (Swamp:4)
  7 boulder beetles
  4 spriggan air magi
  11 alligators
  11 centaur warriors
  12 ironbound frosthearts
  A two-headed ogre (shapeshifter) (Depths:3)
  2 death knights (D:13)
  43 dancing weapons
  13 anacondas
  A sphinx skeleton (Depths:2)
  4 death yaks (Lair:3)
  6 tengu warriors
  An orc high priest (Orc:2)
  15 naga warriors
  8 deep troll shamans
  5 deep troll earth magi
  A shock serpent (shapeshifter) (Vaults:3)
  3 two-headed ogres
  3 spriggan berserkers (Depths:3)
  7 shock serpents
  17 naga sharpshooters
  A titan skeleton (Vaults:1)
  18 deep elf knights
  4 occultists
  Nergalle (Lair:1)
  3 soul eaters
  2 sun demons (Hell)
  10 skeletal warriors
  4 salamander mystics
  The ghost of zeratav the Destroyer, a novice OpCj of Vehumet (D:9)
  2 skysharks
  12 hell knights
  A shadow wraith (Vaults:4)
  3 orb spiders (Depths:2)
  A death drake (Swamp:1)
  10 goliath frogs
  2 iron trolls (Depths:4)
  A sea snake (Snake:2)
  4 spectral hydras (Swamp:4)
  4 spriggan druids
  8 naga ritualists
  48 deep trolls
  A glowing orange brain (shapeshifter) (Depths:3)
  A spectral wolf spider (D:13)
  13 mana vipers
  3 flayed ghosts
  7 arcanists
  7 lindwurms
  8 swamp dragons
  A spectral alligator (Swamp:4)
  A harpy (Vaults:2)
  14 deep elf archers
  23 ironbound convokers
  4 phantasmal warriors
  8 bog bodies
  28 deep elf pyromancers
  8 necromancers
  2 steelbarb worms (shapeshifter)
  4 orc knights
  49 ugly things
  An alligator zombie (Swamp:4)
  2 golden dragon skeletons (Depths:2)
  17 deep elf zephyrmancers
  A tengu skeleton (Vaults:2)
  A wolf spider (shapeshifter) (Vaults:5)
  A manticore (D:15)
  6 orc sorcerers
  7 will-o-the-wisps
  15 salamanders
  Maurice (D:7)
  12 elephants
  A cyclops (D:12)
  A cyclops (shapeshifter) (Vaults:1)
  2 stone giant skeletons (Vaults:2)
  3 large abominations (Elf:1)
  A moth of wrath (shapeshifter) (Depths:2)
  33 black mambas
  6 meliai
  2 fire giant skeletons
  4 orange demons (D:12)
  26 moths of wrath
  A guardian serpent (shapeshifter) (Vaults:5)
  2 centaur zombies (D:15)
  15 guardian serpents
  15 vault sentinels
  A gargoyle (D:11)
  8 cane toads
  15 naga magi
  A centaur skeleton (D:15)
  3 kobold demonologists (D:10)
  6 rime drakes
  2 unseen horrors
  9 komodo dragons
  Jeremiah (D:8)
  An efreet (D:15)
  A hellion (Depths:3)
  A redback zombie (D:13)
  4 swamp worm zombies (Swamp:4)
  5 freezing wraiths
  3 human skeletons
  27 yaktaurs
  5 tengu conjurers
  A yaktaur skeleton (Vaults:1)
  3 red devils
  6 hydra zombies (Swamp:4)
  10 tyrant leeches
  7 trolls
  A queen bee (shapeshifter) (Depths:3)
  A polar bear (Lair:3)
  11 blink frogs
  3 spectral swamp dragons (Swamp:4)
  3 glass eyes
  19 hornets
  3 snapping turtles (Zot:1)
  33 saltlings (Desolation)
  13 dream sheep
  A snapping turtle (shapeshifter) (Vaults:5)
  Sigmund (D:2)
  2 air elementals
  8 wraiths
  10 spriggans
  34 slime creatures
  A ynoxinul (Zot:3)
  3 tyrant leech zombies (Swamp:4)
  6 fire elementals
  9 water elementals
  57 yaks
  7 wargs
  A redback simulacrum (D:13)
  5 wyverns
  3 steam dragons
  A steam dragon (shapeshifter) (Vaults:5)
  7 basilisks
  A neqoxec (D:11)
  9 vampire mosquitoes
  3 elf skeletons
  A human simulacrum (Vaults:1)
  Edmund (D:6)
  8 swamp worms
  5 acid dragons
  47 nagas
  14 water moccasins
  An entropy weaver zombie (Vaults:1)
  3 hell hounds (D:15)
  An ogre skeleton (Vaults:2)
  27 orc warriors
  5 swamp drakes
  A meliai simulacrum (D:15)
  7 black bears
  A swamp dragon zombie (Swamp:4)
  2 human zombies
  2 laughing skulls (D:14)
  An ice beast (D:7)
  An ice beast (shapeshifter) (Elf:1)
  A sky beast (D:7)
  8 ogres
  19 boggarts
  The ghost of ytrimaz the Grave Robber, an amateur MDNe (D:3)
  5 centaurs
  10 phantoms
  Blork the orc (Orc:2)
  18 bullfrogs
  6 earth elementals
  8 kobold brigands
  2 elf zombies (Elf:1)
  2 gnoll sergeants
  9 scorpions
  7 wights
  11 howler monkeys
  4 electric eels
  A bombardier beetle (D:7)
  4 crimson imps (D:15)
  3 quasits (D:11)
  3 hounds
  2 jellies
  22 orc priests
  Jessica (D:2)
  Terence (D:2)
  Ijyb (D:3)
  11 iguanas
  20 orc wizards
  7 hell rats
  16 gnolls
  9 adders
  3 river rats (D:11)
  A shadow imp (D:7)
  A white imp (D:7)
  2 ufetubi (D:4)
  8 dart slugs
  A ribbon worm (D:3)
  46 orcs
  6 ball pythons
  10 endoplasms
  4 giant cockroaches
  13 goblins
  6 hobgoblins
  2 jackals (D:4)
  6 quokkas
  9 bats
  4 frilled lizards
  45 kobolds
  4 rats
  2 aspiring fleshes
2230 creatures vanquished.

Vanquished Creatures (others)
  A draconian knight (Zot:4)
  A fire giant (Depths:3)
  A purple draconian (Zot:5)
  A jiangshi (Depths:2)
  A peacekeeper (Desolation)
  An alligator (Swamp:1)
  An ironbound frostheart (Vaults:2)
  A deep troll shaman (Depths:3)
  A vampire mage (Depths:2)
  An occultist (Depths:3)
  A bog body (Swamp:1)
  5 bloated husks
  A naga (Snake:4)
  An orc (D:7)
  27 foxfires
45 creatures vanquished.

Grand Total: 2275 creatures vanquished

Notes
Turn   | Place    | Note
-------+----------+-------------------------------------------
     0 | D:1      | RepHenryClay the Coglin Gladiator began the quest for the
                  | Orb.
     0 | D:1      | Reached XP level 1. HP: 16/16 MP: 1/1
   147 | D:1      | Reached XP level 2. HP: 21/22 MP: 2/2
   208 | D:1      | Found Lopouf's Antique Weapon Emporium.
   392 | D:1      | Reached XP level 3. HP: 27/27 MP: 3/3
   396 | D:1      | Reached skill level 1 in Armour
   964 | D:2      | Found a faded altar of an unknown god.
  1193 | D:2      | Reached XP level 4. HP: 33/33 MP: 4/4
  1370 | D:2      | Noticed Jessica
  1381 | D:2      | Killed Jessica
  1382 | D:2      | Reached XP level 5. HP: 38/38 MP: 5/5
  1440 | D:2      | Noticed Terence
  1461 | D:2      | Killed Terence
  1545 | D:2      | Noticed Sigmund
  1551 | D:2      | Killed Sigmund
  1552 | D:2      | Reached skill level 5 in Axes
  1552 | D:2      | Reached XP level 6. HP: 44/44 MP: 6/6
  1950 | D:3      | Found a transporter.
  1952 | D:3      | Noticed ytrimaz's ghost (amateur MDNe)
  1966 | D:3      | Reached XP level 7. HP: 48/50 MP: 7/7
  1985 | D:3      | Found Junn's Antique Weapon Shoppe.
  2067 | D:3      | Found a transporter.
  2127 | D:3      | Noticed Ijyb
  2135 | D:3      | Killed Ijyb
  2553 | D:4      | You are sucked into a shaft and drop 1 floor!
  2553 | D:5      | Entered Level 5 of the Dungeon
  3050 | D:4      | Reached skill level 5 in Armour
  3386 | D:4      | Noticed a wyvern
  3394 | D:4      | Killed a wyvern
  3395 | D:4      | Reached XP level 8. HP: 32/56 MP: 8/8
  4035 | D:1      | Bought a crystal hand axe for 184 gold pieces
  4035 | D:1      | Identified the +4 hand axe of Putrescence {venom, Int+3}
                  | (You bought it in a shop on level 1 of the Dungeon)
  4196 | D:5      | Identified the +0 leather armour "Pariesy" {Dex+3}
  4521 | D:5      | Found a shadowy altar of Dithmenos.
  4619 | D:6      | Noticed Edmund
  4631 | D:6      | Killed Edmund
  4632 | D:6      | Reached XP level 9. HP: 61/61 MP: 9/9
  4669 | D:6      | Identified the +9 whip of the Dancing Ass {spect, +Blink}
  4917 | D:6      | Identified the +8 quarterstaff "Carhikke" {chaos, Fly Str+4
                  | Int+3}
  5192 | D:6      | Found Sete's Magic Scroll Shop.
  5195 | D:6      | Bought a scroll of fog for 60 gold pieces
  5195 | D:6      | Bought a scroll of teleportation for 45 gold pieces
  5195 | D:6      | Bought a scroll of noise for 15 gold pieces
  5679 | D:7      | Noticed Maurice
  5748 | D:7      | Something stole a +1 whip of electrocution
  5749 | D:7      | Something stole a +6 ring of intelligence
  5754 | D:7      | Paralysed by something for 4 turns
  6051 | D:7      | Found a staircase to the Ecumenical Temple.
  6072 | Temple   | Entered the Ecumenical Temple
  6109 | Temple   | Became a worshipper of Warmaster Okawaru
  6261 | D:7      | Identified the +0 robe "Nijuef" {rN+ Stlth+}
  6565 | D:8      | Noticed Jeremiah
  6594 | D:8      | Found a flagged portal.
  6599 | D:8      | Reached skill level 1 in Invocations
  6606 | Bailey   | Entered a bailey
  6750 | Bailey   | Reached XP level 10. HP: 52/67 MP: 11/11
  6853 | Bailey   | Reached * piety under Okawaru
  7223 | D:7      | Paralysed by Maurice for 5 turns
  7232 | D:7      | Paralysed by Maurice for 4 turns
  7241 | D:7      | Something stole a javelin
  7242 | D:7      | Something stole 114 gold
  7243 | D:7      | Killed Maurice
  7244 | D:7      | Reached skill level 5 in Invocations
  7354 | D:7      | Reached skill level 10 in Axes
  7584 | D:7      | Reached ** piety under Okawaru
  8208 | D:8      | Noticed a two-headed ogre
  8335 | D:9      | Reached *** piety under Okawaru
  8337 | D:9      | Reached XP level 11. HP: 63/76 MP: 11/14
  8449 | D:9      | Found a runed translucent door.
  8454 | D:9      | Noticed zeratav's ghost (novice OpCj)
  8986 | D:9      | Found a shimmering blue altar of Sif Muna.
  9226 | D:10     | Entered Level 10 of the Dungeon
  9226 | D:10     | Found Rucketa's Jewellery Emporium.
  9304 | D:10     | Found a blossoming altar of Fedhas.
  9304 | D:10     | Found a glowing golden altar of the Shining One.
  9364 | D:10     | Reached **** piety under Okawaru
  9426 | D:10     | Reached skill level 5 in Dodging
  9427 | D:10     | Reached skill level 5 in Fighting
  9590 | D:10     | Identified the +4 flail of the Boiling Point {flame, rF+
                  | rCorr MP+9}
  9919 | D:10     | Found a burning altar of Makhleb.
 10346 | D:10     | Bought the ring "Aluyx" {rPois rC+ AC+4 Dex+3} for 847 gold
                  | pieces
 10446 | D:11     | Reached ***** piety under Okawaru
 10462 | D:11     | Found a staircase to the Lair.
 10770 | D:11     | Found an ornate altar of the Wu Jian Council.
 10842 | D:11     | Noticed Livid's ghost (journeyman CoBe)
 10850 | D:11     | Found a transporter.
 10869 | D:11     | Found a transporter.
 11053 | D:11     | Noticed a two-headed ogre
 11064 | D:11     | Killed a two-headed ogre
 11186 | D:12     | Received a gift from Okawaru
 11187 | D:12     | Reached XP level 12. HP: 87/87 MP: 15/15
 11256 | D:12     | Reached skill level 10 in Armour
 11713 | D:12     | Found a staircase to the Orcish Mines.
 11720 | D:12     | Found a roughly hewn altar of Beogh.
 11935 | D:12     | Found Vyopsaonn's Antique Armour Shop.
 12125 | D:12     | Noticed a two-headed ogre
 12131 | D:12     | Killed a two-headed ogre
 12131 | D:12     | Received a gift from Okawaru
 12311 | D:13     | Identified the +3 rapier of Inconvenience {drain, Fly
                  | rPois}
 12423 | D:13     | Found a transporter.
 12426 | D:13     | Noticed Sobieck's ghost (journeyman CoBe)
 12426 | D:13     | Noticed a vampire knight
 12428 | D:13     | Noticed a death knight
 12429 | D:13     | Noticed a death knight
 12504 | D:13     | Found a transporter.
 12697 | D:13     | Noticed a centaur warrior
 12782 | D:13     | Killed a centaur warrior
 12818 | D:13     | Found an iron altar of Okawaru.
 12964 | Orc:1    | Entered Level 1 of the Orcish Mines
 13501 | Orc:1    | Reached XP level 13. HP: 84/96 MP: 16/16
 13595 | Orc:1    | Noticed an orc warlord
 13597 | Orc:1    | Received a gift from Okawaru
 13624 | Orc:1    | Killed an orc warlord
 14063 | Orc:2    | Entered Level 2 of the Orcish Mines
 14123 | Orc:2    | Found a staircase to the Elven Halls.
 14417 | Orc:2    | Noticed Blork the orc
 14421 | Orc:2    | Noticed an orc warlord
 14433 | Orc:2    | Killed Blork the orc
 14685 | Orc:2    | Killed an orc warlord
 14795 | Orc:2    | Found a roughly hewn altar of Beogh.
 14822 | Orc:2    | Received a gift from Okawaru
 14982 | Orc:2    | Found Kyahaz's Jewellery Boutique.
 15010 | Orc:2    | Found Saess's Antique Armour Boutique.
 15169 | Orc:2    | Found Xyqen's Antique Weapon Boutique.
 15184 | Orc:2    | Found Reurehips's General Store.
 15197 | Orc:2    | Bought a +0 pair of gloves of dexterity for 161 gold pieces
 15472 | D:14     | a golden eye changed into an entropy weaver
 15472 | D:14     | Noticed an entropy weaver (shapeshifter)
 15485 | D:14     | Killed an entropy weaver
 15644 | D:14     | Found a gate to the Vaults.
 15894 | D:14     | Received a gift from Okawaru
 16768 | D:14     | Reached XP level 14. HP: 109/109 MP: 14/17
 16796 | D:14     | Reached skill level 10 in Fighting
 17454 | Lair:1   | Entered Level 1 of the Lair of Beasts
 17508 | Lair:1   | Noticed Nergalle
 17607 | Lair:1   | Killed Nergalle
 17647 | Lair:1   | Found a transporter.
 17648 | Lair:1   | Found a transporter.
 17681 | Lair:1   | Found a runed translucent door.
 17736 | Lair:1   | Found a runed translucent door.
 17737 | Lair:1   | Found a shimmering altar of Xom.
 17737 | Lair:1   | Noticed LobsterGuardian's ghost (journeyman OpSh)
 18060 | Lair:1   | Received a gift from Okawaru
 19121 | Lair:3   | Reached skill level 10 in Dodging
 19304 | Lair:3   | Reached ****** piety under Okawaru
 19305 | Lair:3   | Acquired a +4 broad axe of flaming
 19305 | Lair:3   | Received a gift from Okawaru
 19321 | Lair:3   | Acquired the +4 chain mail of Duty {rCorr Int+6}
 19321 | Lair:3   | Received a gift from Okawaru
 19390 | Lair:3   | Received a gift from Okawaru
 19483 | Lair:3   | Found a staircase to the Swamp.
 19767 | Lair:3   | Reached skill level 15 in Axes
 19818 | Lair:3   | Received a gift from Okawaru
 20066 | Lair:3   | Found a staircase to the Snake Pit.
 20203 | Lair:4   | Noticed Josephine
 20214 | Lair:4   | Killed Josephine
 20385 | Lair:4   | Reached XP level 15. HP: 103/118 MP: 18/18
 20463 | Lair:4   | Found a staircase to the Slime Pits.
 20463 | Lair:4   | Found a viscous altar of Jiyva.
 21357 | Lair:5   | Entered Level 5 of the Lair of Beasts
 21362 | Lair:5   | Received a gift from Okawaru
 21823 | Lair:5   | Noticed Nessos
 21844 | Lair:5   | Killed Nessos
 22160 | Lair:5   | Received a gift from Okawaru
 22650 | D:15     | Entered Level 15 of the Dungeon
 22679 | D:15     | Noticed Rupert
 22692 | D:15     | Killed Rupert
 22734 | D:15     | Noticed Azrael
 22756 | D:15     | Killed Azrael
 23275 | D:15     | Received a gift from Okawaru
 23542 | D:15     | Reached XP level 16. HP: 129/129 MP: 19/19
 23567 | D:15     | Found a staircase to the Depths.
 23694 | D:15     | Found a shimmering altar of Xom.
 23995 | D:3      | Killed ytrimaz's ghost
 24213 | D:8      | Killed Jeremiah
 24471 | D:9      | Killed zeratav's ghost
 24570 | D:11     | Received a gift from Okawaru
 24576 | D:11     | Killed Livid's ghost
 24627 | D:11     | Identified the ring "Riozxaat" {Str+3 Dex+6}
 24842 | D:13     | Identified the ring of Letilu {Fire rN++ SInv}
 24846 | D:13     | Upgraded the game from 0.32-a0-391-gce5c0aab1b to
                  | 0.32-a0-411-g744942f433
 25316 | Snake:1  | Entered Level 1 of the Snake Pit
 26282 | Snake:2  | Received a gift from Okawaru
 26378 | Snake:2  | Noticed Agnes
 26649 | Snake:3  | Reached skill level 1 in Evocations
 26798 | Snake:3  | Noticed a nagaraja
 26824 | Snake:3  | Killed a nagaraja
 27181 | Snake:3  | Reached skill level 5 in Evocations
 27813 | Snake:3  | Received a gift from Okawaru
 27889 | Snake:3  | Found Omosoaj's Vocational Training.
 28456 | Snake:3  | Bought a manual of Evocations for 880 gold pieces
 28456 | Snake:3  | Bought a manual of Invocations for 880 gold pieces
 28482 | Snake:4  | Entered Level 4 of the Snake Pit
 28653 | Swamp:1  | Entered Level 1 of the Swamp
 28656 | Swamp:1  | Noticed a fenstrider witch
 28665 | Swamp:1  | Killed a fenstrider witch
 28834 | Swamp:1  | Reached XP level 17. HP: 108/136 MP: 21/21
 28840 | Swamp:1  | Reached skill level 10 in Evocations
 29505 | Swamp:1  | Received a gift from Okawaru
 30148 | Swamp:1  | Reached skill level 10 in Invocations
 30863 | Swamp:3  | Received a gift from Okawaru
 31259 | Swamp:3  | Found a basalt altar of Yredelemnul.
 31658 | Swamp:4  | Entered Level 4 of the Swamp
 31743 | Swamp:4  | Reached skill level 15 in Armour
 32451 | Swamp:4  | Received a gift from Okawaru
 32926 | Swamp:4  | Paralysed by a fenstrider witch for 2 turns
 33344 | Swamp:4  | Reached XP level 18. HP: 137/140 MP: 25/25
 33585 | Swamp:4  | Noticed a bone dragon
 33609 | Swamp:4  | Killed a bone dragon
 33759 | Swamp:4  | Got a decaying rune of Zot
 34067 | Elf:1    | Entered Level 1 of the Elven Halls
 34075 | Elf:1    | Received a gift from Okawaru
 34266 | Elf:1    | Found a magical portal.
 34303 | WizLab   | Entered Tukima's Studio
 34345 | WizLab   | Identified the +6 longbow "Pemaad" {speed, rF++ rC+ Will-
                  | Dex+3}
 34842 | WizLab   | Received a gift from Okawaru
 35427 | WizLab   | Noticed a walking frostbound tome
 35807 | Elf:1    | Reached XP level 19. HP: 148/149 MP: 26/26
 35814 | Elf:1    | Got Kikubaaqudgha's Annotations on Nightshade
 35988 | Elf:1    | Received a gift from Okawaru
 36098 | Elf:1    | Found Leytur's Antique Weapon Shoppe.
 36295 | Elf:2    | Paralysed by an air elemental for 1 turns
 36299 | Elf:2    | Paralysed by an air elemental for 1 turns
 37492 | Elf:2    | Found a runed translucent gate.
 37492 | Elf:2    | Found a runed translucent gate.
 37492 | Elf:2    | Found a runed translucent gate.
 38011 | Elf:2    | Received a gift from Okawaru
 39088 | Elf:2    | Reached XP level 20. HP: 157/157 MP: 27/27
 39803 | Snake:2  | Reached skill level 15 in Dodging
 39908 | Snake:2  | Killed Agnes
 40990 | Snake:4  | Received a gift from Okawaru
 41944 | Snake:4  | Found Abimi's Tremendous Tomes.
 42724 | Snake:4  | Noticed Vashnia
 43148 | Vaults:1 | Entered Level 1 of the Vaults
 43203 | Vaults:1 | Received a gift from Okawaru
 43297 | Vaults:1 | Found a crumbling gateway.
 43304 | Desolati | Entered the Desolation of Salt
 43528 | Desolati | Identified the +1 ring mail "Odiatwoa" {Str+3 Int+4}
 44063 | Desolati | Identified the +1 robe "Suzoihick" {Int+2 Archmagi}
 44063 | Desolati | Identified the ring of Sytu {Wiz Will+ SInv}
 44074 | Desolati | Reached XP level 21. HP: 112/165 MP: 21/28
 44280 | Desolati | Found the +10 tower shield of Ignorance {rN+ Int-4}
 44281 | Desolati | Identified the +3 leather armour of the Baku {Rampage}
 44286 | Desolati | Identified the +0 leather armour "Sualiren" {rElec Will-
                  | Str+3}
 44295 | Desolati | Identified the ring "Koiw Wai" {rPois rC- rCorr Str+7
                  | Dex+6}
 44510 | Desolati | Got the Octavo of Ironbound Jinxing
 44633 | Desolati | Identified the +6 chain mail "Tetud" {Fly rElec Int-5
                  | Stlth-}
 44637 | Desolati | Got Sif Muna's Encyclopedia of Frostbitten Angles
 45782 | Vaults:1 | Paralysed by a formless jellyfish for 1 turns
 45931 | Orc:2    | Bought a pair of slimy boots for 237 gold pieces
 45931 | Orc:2    | Identified the +0 pair of boots of Iqoiz {rElec SInv} (You
                  | bought it in a shop on level 2 of the Orcish Mines)
 45931 | Orc:2    | Bought a transparent scarf for 250 gold pieces
 45931 | Orc:2    | Identified the scarf of Kathenotheism {repulsion, rN++
                  | SInv} (You bought it in a shop on level 2 of the Orcish
                  | Mines)
 46460 | Vaults:1 | Reached skill level 15 in Evocations
 46495 | Vaults:1 | Found a portal to a secret trove of treasure.
 47442 | Vaults:2 | Received a gift from Okawaru
 48388 | Vaults:2 | Reached skill level 15 in Fighting
 48516 | Vaults:2 | Received a gift from Okawaru
 48543 | Vaults:2 | Reached XP level 22. HP: 104/175 MP: 29/29
 49046 | Vaults:2 | Found a staircase to the Crypt.
 49311 | Vaults:2 | Received a gift from Okawaru
 49632 | Vaults:2 | Found a runed translucent gate.
 49632 | Vaults:2 | Found a runed translucent gate.
 49632 | Vaults:2 | Found a runed translucent gate.
 49842 | Vaults:2 | Found a glowing golden altar of the Shining One.
 49946 | Vaults:3 | Noticed Nikola
 50014 | Vaults:3 | Killed Nikola
 50744 | Vaults:3 | Found a flickering gateway to a bazaar.
 50753 | Bazaar   | Entered a bazaar
 50753 | Bazaar   | Found Buirij's Antique Armour Shop.
 50753 | Bazaar   | Found Guqon's Antique Weapon Shop.
 50777 | Bazaar   | Found Piog's Distillery.
 50816 | Bazaar   | Bought a steaming hat for 135 gold pieces
 50816 | Bazaar   | Identified the +2 hat of Howling Wind {SInv} (You bought it
                  | in a shop in a bazaar)
 50833 | Bazaar   | Bought a potion of might for 68 gold pieces
 50833 | Bazaar   | Bought a potion of haste for 170 gold pieces
 50833 | Bazaar   | Bought a potion of might for 68 gold pieces
 50833 | Bazaar   | Bought a potion of heal wounds for 85 gold pieces
 50833 | Bazaar   | Bought a potion of might for 68 gold pieces
 51041 | Vaults:4 | Received a gift from Okawaru
 52487 | Depths:1 | Entered Level 1 of the Depths
 52498 | Depths:1 | Received a gift from Okawaru
 52597 | Depths:1 | Found a shimmering blue altar of Sif Muna.
 52861 | Depths:1 | Reached XP level 23. HP: 159/184 MP: 30/30
 53837 | Depths:1 | Identified the +1 robe of Curan {rC- rCorr Str-5 Int+7}
 53837 | Depths:1 | Identified the +3 flail of the Coward {flame, Stlth+}
 53837 | Depths:1 | Identified the +0 robe "Vaweohas" {rF++}
 54016 | Depths:1 | Found a gateway to Hell.
 54858 | Depths:1 | Received a gift from Okawaru
 55548 | Depths:2 | You fall into a shaft and drop 1 floor!
 55548 | Depths:3 | Found a one-way gate to the infinite horrors of the Abyss.
 55756 | Depths:3 | Found a broken altar of Ashenzari.
 55756 | Depths:3 | Found a blossoming altar of Fedhas.
 56037 | Depths:2 | Identified a scroll of acquirement
 56040 | Depths:2 | Acquired 932 gold pieces
 56252 | Depths:2 | Noticed Sojobo
 56281 | Depths:2 | Killed Sojobo
 56282 | Depths:2 | Reached skill level 5 in Throwing
 56602 | Depths:2 | Found a one-way gate leading to the halls of Pandemonium.
 57122 | Depths:3 | Found a broken altar of Ashenzari.
 57361 | Depths:3 | Received a gift from Okawaru
 57774 | Depths:3 | Noticed a golden dragon
 57787 | Depths:3 | Killed a golden dragon
 57885 | Depths:3 | Paralysed by a vampire knight for 4 turns
 58267 | Depths:3 | Received a gift from Okawaru
 58350 | Depths:3 | Reached XP level 24. HP: 130/193 MP: 30/30
 58747 | Depths:3 | Noticed a caustic shrike
 58764 | Depths:3 | Killed a caustic shrike
 58973 | Depths:3 | Received a gift from Okawaru
 59181 | Depths:3 | Noticed a juggernaut
 59208 | Depths:3 | Killed a juggernaut
 59313 | Depths:3 | Identified the +1 long sword "Plog" {protect, *Slow rPois
                  | Will+++ Str-2}
 59659 | Orc:2    | Bought a twisted plate armour for 700 gold pieces
 59659 | Orc:2    | Identified the +3 plate armour "Jonay" {Slay+2} (You bought
                  | it in a shop on level 2 of the Orcish Mines)
 59942 | Depths:4 | Entered Level 4 of the Depths
 59948 | Depths:4 | Noticed Grunn
 59956 | Depths:3 | Reached skill level 1 in Polearms
 60077 | Depths:4 | Killed Grunn
 60184 | Depths:4 | Found a gate to the Realm of Zot.
 60199 | Depths:4 | Received a gift from Okawaru
 60287 | Depths:4 | Identified the orb of Action {*channel, rCorr Str+3}
 60287 | Depths:4 | Noticed Frederick
 60296 | Depths:4 | Killed Frederick
 60297 | Depths:4 | Reached skill level 5 in Polearms
 60400 | Depths:4 | Noticed Jory
 60425 | Depths:4 | Killed Jory
 60567 | Depths:4 | Found a radiant altar of Vehumet.
 60874 | Depths:4 | Found a one-way gateway to a ziggurat.
 61068 | Depths:4 | Identified the +6 tower shield of Forking Paths {Harm rElec
                  | Str+3 Int-2}
 61068 | Depths:4 | Noticed Mennas
 61094 | Depths:4 | Killed Mennas
 62470 | Snake:4  | Killed Vashnia
 62652 | Snake:4  | Received a gift from Okawaru
 62942 | Snake:4  | Got a serpentine rune of Zot
 63442 | Hell     | Entered the Vestibule of Hell
 63442 | Hell     | Noticed Geryon
 63664 | Hell     | Reached XP level 25. HP: 201/201 MP: 29/30
 63679 | Hell     | Killed Geryon
 63924 | Vaults:1 | You paid a toll of the horn of Geryon to enter a treasure
                  | trove
 63925 | Trove    | Entered a treasure trove
 63929 | Trove    | Identified the +1 kite shield of Card Tricks {*Corrode
                  | *Slow Fly Dex+9}
 63931 | Trove    | Identified the +2 pair of boots "Ninet" {Rampage}
 63935 | Trove    | Identified the +4 scale mail of the Morning {rPois}
 63946 | Trove    | Identified the +0 kite shield of the Minstrel {rF+ Dex+3
                  | SInv}
 63949 | Trove    | Identified the +1 pair of gloves "Guufued" {Regen+ Int+4}
 63958 | Trove    | Identified the +2 scale mail "Jaclauni" {-Cast Rampage rF-
                  | rN+++}
 64183 | Elf:3    | Entered Level 3 of the Elven Halls
 65254 | Elf:3    | Identified the +11 lajatang of Joyful Slaughter {distort,
                  | Str+2}
 65546 | Elf:3    | Received a gift from Okawaru
 65658 | Elf:3    | Identified the +7 ring mail "Cubefuix" {rN+ Will- SInv}
 65663 | Elf:3    | Identified the +8 rapier of Hard Scrabble {freeze, Fly rF+
                  | rN+ Int-3}
 65763 | Elf:3    | Identified the ring "Hidgh" {Wiz rCorr Str+3}
 65772 | Elf:3    | Identified the +0 leather armour of the Robin {Slay+3}
 65842 | Elf:3    | Got the Catalogue of the Hurtful Dragon
 65849 | Elf:3    | Identified the +6 sling of Cuthiriu {speed, +Blink rElec
                  | Will- Int+8}
 65857 | Elf:3    | Got the Directory of Air
 65867 | Elf:3    | Identified the staff of Salt {Str+3 Int-5 Tloc Earth}
 65945 | Elf:3    | Identified the +6 arbalest "Kanomat" {drain, *Corrode rElec
                  | rPois MP+9}
 66432 | Vaults:1 | Upgraded the game from 0.32-a0-411-g744942f433 to
                  | 0.32-a0-422-g28b100f618
 66668 | Elf:3    | Identified the amulet "Juukhah" {Spirit Dex+2}
 67929 | Vaults:5 | Entered Level 5 of the Vaults
 68094 | Vaults:5 | Identified the staff of the Open Hand {Fly rElec rC- Dex+5
                  | Summ Air}
 68213 | Vaults:5 | Identified the +6 scimitar "Grim Tooth" {flame, Dex+3}
 68437 | Vaults:5 | Identified the ring of the Princess {rPois rF++ Str+2 Dex-3
                  | SInv}
 69012 | Vaults:5 | Noticed a dread lich
 69028 | Vaults:5 | Killed a dread lich
 69342 | Vaults:5 | Received a gift from Okawaru
 69375 | Vaults:5 | Reached XP level 26. HP: 160/209 MP: 30/30
 69502 | Vaults:5 | Noticed a dread lich
 69521 | Vaults:5 | Killed a dread lich
 69740 | Vaults:5 | Got a silver rune of Zot
 69825 | Vaults:5 | Noticed an ancient lich
 69833 | Vaults:5 | Killed an ancient lich
 69948 | Vaults:5 | Noticed a dread lich
 69958 | Vaults:5 | Paralysed by a dread lich for 3 turns
 69962 | Vaults:5 | Killed a dread lich
 69962 | Vaults:5 | Received a gift from Okawaru
 71593 | Zot:1    | Entered Level 1 of the Realm of Zot
 72685 | Orc:2    | Bought the ring of the Archfiend {rC+ rN+ Int-2 Dex+4} for
                  | 484 gold pieces
 73096 | Zot:1    | Found a stormy altar of Qazlal.
 73545 | Zot:1    | Found a shadowy altar of Dithmenos.
 73865 | Zot:1    | Found a transporter.
 73871 | Zot:1    | Found a transporter.
 73872 | Zot:1    | Found a transporter.
 73897 | Zot:1    | Found a transporter.
 74761 | D:13     | Killed Sobieck's ghost
 75305 | Lair:1   | Killed LobsterGuardian's ghost
 76327 | Zot:2    | Received a gift from Okawaru
 77345 | Zot:2    | Reached skill level 10 in Throwing
 77954 | Zot:3    | Reached XP level 27. HP: 226/226 MP: 30/30
 77954 | Zot:3    | Upgraded the game from 0.32-a0-422-g28b100f618 to
                  | 0.32-a0-433-g08bcfe7efd
 78053 | Zot:2    | Received a gift from Okawaru
 78890 | Zot:3    | You fall into a shaft and drop 1 floor!
 79391 | Zot:3    | HP: 3/228 [golden dragon (21)]
 79391 | Zot:3    | Saved by the dreamshard amulet
 80708 | Zot:4    | Received a gift from Okawaru
 82399 | Zot:5    | Entered Level 5 of the Realm of Zot
 82415 | Zot:4    | Received a gift from Okawaru
 82891 | Zot:5    | Identified the +3 ring mail "Caeplosh" {rCorr Int+4}
 83561 | Zot:5    | Noticed an ancient lich
 83573 | Zot:5    | Received a gift from Okawaru
 83581 | Zot:5    | Killed an ancient lich
 83975 | Zot:5    | Noticed an orb of fire
 83977 | Zot:5    | Gained mutation: You are dopey. (Int -2) [an orb of fire]
 83988 | Zot:5    | Killed an orb of fire
 84005 | Zot:5    | Noticed an orb of fire
 84011 | Zot:5    | Killed an orb of fire
 84021 | Zot:5    | Noticed a dread lich
 84034 | Zot:5    | Killed a dread lich
 84321 | Zot:5    | Received a gift from Okawaru
 84734 | Zot:5    | Noticed an orb of fire
 84738 | Zot:5    | Gained mutation: You sometimes lose your temper in combat.
                  | [an orb of fire]
 84750 | Zot:5    | Killed an orb of fire
 84779 | Zot:5    | Lost mutation: You are dopey. (Int -2) [potion of mutation]
 84779 | Zot:5    | Lost mutation: You sometimes lose your temper in combat.
                  | [potion of mutation]
 84779 | Zot:5    | Gained mutation: Your body sometimes deteriorates upon
                  | taking damage. [potion of mutation]
 84833 | Zot:5    | Reached skill level 15 in Throwing
 84846 | Zot:5    | Noticed an ancient lich
 84848 | Zot:5    | Noticed an orb of fire
 84871 | Zot:5    | Killed an orb of fire
 84875 | Zot:5    | Killed an ancient lich
 85138 | Zot:5    | Received a gift from Okawaru
 85238 | Zot:5    | Noticed an orb of fire
 85247 | Zot:5    | Gained mutation: You are occasionally teleported next to
                  | monsters. [an orb of fire]
 85250 | Zot:5    | Killed an orb of fire
 85297 | Zot:5    | Lost mutation: You are occasionally teleported next to
                  | monsters. [potion of mutation]
 85297 | Zot:5    | Lost mutation: Your body sometimes deteriorates upon taking
                  | damage. [potion of mutation]
 85297 | Zot:5    | Gained mutation: You sometimes lose your temper in combat.
                  | [potion of mutation]
 85297 | Zot:5    | Gained mutation: You expend magic power (3 MP) to
                  | strengthen your wands. [potion of mutation]
 85297 | Zot:5    | Gained mutation: You are vulnerable to heat. (rF-) [potion
                  | of mutation]
 85298 | Zot:5    | Lost mutation: You expend magic power (3 MP) to strengthen
                  | your wands. [potion of mutation]
 85298 | Zot:5    | Lost mutation: You sometimes lose your temper in combat.
                  | [potion of mutation]
 85298 | Zot:5    | Lost mutation: You are vulnerable to heat. (rF-) [potion of
                  | mutation]
 85298 | Zot:5    | Gained mutation: You are resistant to electric shocks.
                  | (rElec) [potion of mutation]
 85298 | Zot:5    | Gained mutation: Your flesh is cold resistant. (rC+)
                  | [potion of mutation]
 85358 | Zot:5    | Noticed an ancient lich
 85369 | Zot:5    | Killed an ancient lich
 86241 | Zot:5    | Got the Orb of Zot
 86978 | D:1      | Noticed Yssiy the pandemonium lord
 86996 | D:$      | Escaped with the Orb!

Illustrated notes

Levels and vault maps discovered:
D:1:      lemuel_arrival_funnel, layout_basic, serial_shops,
          nicolae_shop_just_a_little_nook
D:2:      layout_loops_cross, hellmonk_ecumenical_altar_slurped_away,
          nrook_mini_backslash, minmay_misc_feat_tiny, serial_bayou_lagoon_b,
          uniq_jessica, uniq_terence, uniq_sigmund
D:3:      layout_loops_ring, serial_shops, nicolae_shop_tiny_statue_garden,
          gammafunk_ghost_arena, uniq_ijyb
D:4:      minmay_thick_lines, layout_basic
D:5:      layout_rooms, general_overflow_altar, minmay_misc_feat_hallway
D:6:      layout_cave_pools, serial_shops, nicolae_shop_rolled_up, uniq_edmund
D:7:      minmay_polygon_palace, layout_loops_ring, minmay_temple_entry_waves,
          nicolae_sextant, uniq_maurice
D:8:      layout_rooms, enter_bailey_5, uniq_jeremiah
D:9:      layout_cave_pods, kennysheep_little_box,
          ebering_ghost_reflecting_pool, nrook_loot_triangle
D:10:     layout_cave_pods, bloody_makhleb, mainiacjoe_overflow_divided_tiny,
          serial_shops, nicolae_shop_just_a_little_nook
D:11:     layout_irregular_city, dpeg_lair_monsters, gammafunk_ghost_stat_death,
          nzn_wu_jian_council_hall
D:12:     layout_roguey, minmay_orc_entry_temple_small, nicolae_take_the_stairs,
          minmay_beelzebubs_servants
D:13:     layout_basic, gammafunk_ghost_mausoleum, kennysheep_okawaru_gauntlet
D:14:     layout_loops_corners, hellmonk_vaults_attempted_burglary,
          nicolae_benzene_ring
D:15:     grunt_enter_depths_magical_seal, layout_gridville, led_xom_imps,
          uniq_azrael, uniq_rupert
Temple:   minmay_crystal_spiral_temple
Lair:1:   gammafunk_boulding_lane, layout_small_grid, ebering_ghost_xom,
          dreamdust_wasp_nest, lemuel_fruit_tree, lemuel_fruit_fields,
          uniq_nergalle
Lair:2:   layout_long_grid, infiniplex_staircase_pool
Lair:3:   layout_chaotic_city, skrybe_swamp_entry_bodies,
          nicolae_snake_entry_squirm, serial_bayou_shore_a
Lair:4:   cheibrodos_lair_overgrown_chateau, layout_loops_ring, slime_entry_1,
          uniq_josephine
Lair:5:   guppyfry_lair_end_dragon, layout_misc_corridors, minivault_23,
          uniq_nessos
Swamp:1:  layout_basic_swamp, nicolae_swamp_very_dense_foliage,
          nicolae_swamp_long_stream, nicolae_swamp_tree_isthmus
Swamp:2:  layout_basic_swamp, hangedman_swamp_diagram, swamp_pool_1_2,
          nicolae_swamp_decorative_isthmus
Swamp:3:  layout_basic_swamp, lemuel_altar_in_water, swamp_pool_1_2
Swamp:4:  swamp_pestilence, layout_basic_swamp
Snake:1:  layout_cave_shapes
Snake:2:  layout_misc_corridors, serial_library_regret_index_turning,
          serial_bayou_ford_a, grunt_ministairs_2, uniq_agnes
Snake:3:  layout_misc_corridors, nicolae_shop_vocational, nicolae_integral_box
Snake:4:  snake_pit_salamanders_mu, layout_cave_town, serial_bayou_pond_d,
          nicolae_shop_i_like_big_books, drop_trap,
          hangedman_snake_thin_pillar_pass, st_stairs_5,
          nicolae_fountain_basement, uniq_vashnia
Orc:1:    layout_diamond_mine, nicolae_orc_stony_grotto
Orc:2:    grunt_orc_cross, layout_diamond_mine
Elf:1:    eino_elf_arrival_the_gate, layout_loops_ring, serial_shops,
          nicolae_lakefront_shop, mu_enter_wizlab_2, minmay_elf_necromancy
Elf:2:    nicolae_elf_blades_splatter_lattice [mumra_blade_entry_dagger],
          layout_geoelf_diagonals
Elf:3:    minmay_elf_hall_quartered_circle, layout_geoelf_castle,
          nicolae_fountain_basement
Vaults:1: portal_desolation_entry_ruin, nicolae_vaults_closet_pinwheel_3,
          vaults_mumra_chevron_long, nicolae_vaults_murder_corner, v_rooms_2,
          nicolae_vaults_little_squares_6, nicolae_vaults_storage_closets_3,
          ontoclasm_vaults_pinch, hangedman_vaults_trim, vaults_room_pool,
          nicolae_vaults_closet_pinwheel_6, hangedman_vaults_snaps,
          layout_vaults_big_room, enter_trove_2
Vaults:2: nicolae_vaults_storage_closets_1, nicolae_vaults_stepped_doors,
          nicolae_vaults_ninety_degrees, minmay_crypt_entry_skeletal_spiral,
          nicolae_vaults_network_star, vaults_mumra_minichess_inversion,
          nicolae_vaults_tetromino_L_2, abrahamwl_protected_by_tso_1, v_misc_25,
          v_misc_31, v_misc_16, nicolae_vaults_prndl,
          nicolae_vaults_tetromino_T_1, vaults_dpeg_encased_lava,
          nicolae_vaults_trapezoid_3, nicolae_vaults_angled_halls,
          nicolae_vaults_shelves_hall, layout_vaults_big_cross
Vaults:3: nicolae_vaults_surprise_closet, hangedman_vaults_corner_blocks,
          nicolae_vaults_hexular_roomagon, nicolae_vaults_double_plus_1,
          nicolae_vaults_house_2, vaults_dpeg_cross,
          nicolae_vaults_mini_display_case, vaults_room_stairs_pillars,
          ontoclasm_vaults_fault, v_alt_pattern_6, hangedman_vaults_maws,
          layout_vaults_maze, serial_shops, bzr_firewalk, uniq_nikola
Vaults:4: nicolae_vaults_frosty_reception, nicolae_vaults_sightless_eye,
          nicolae_vaults_angled_halls, nicolae_vaults_storage_room_statues,
          nicolae_vaults_an_arrangement, vaults_mumra_lcd, v_misc_5,
          ontoclasm_vaults_bender, nicolae_vaults_house_3, v_misc_5,
          nicolae_vaults_closet_pinwheel_1, v_misc_11, vaults_dpeg_doors,
          layout_vaults_omnibox
Vaults:5
Depths:1: minmay_the_grid_plus [minmay_the_grid_rooms, minmay_the_grid_garden,
          minmay_the_grid_tree, minmay_the_grid_minigrid_small_alt,
          minmay_the_grid_prize_shrinking_boxes], layout_basic, hell_entry,
          hangedman_glass_teeth, led_sif_pool
Depths:2: nicolae_cairo_tiling, layout_honeycomb, grunt_pan_entry_zigzag,
          hell_entry, hangedman_stitches_earthworm, uniq_sojobo
Depths:3: hangedman_slaughterboxes, hell_entry, abyss_entry
Depths:4: grunt_zot_entry_tricorne, layout_small_grid, enter_ziggurat_c,
          hell_entry, old_standard_altar, grunt_megastairs_2,
          infiniplex_staircase_pool_lava, uniq_mennas, uniq_frederick,
          uniq_josephina, uniq_jory, uniq_grunn
Hell
Zot:1:    layout_basic, regret_index_zot_stipple_split,
          nicolae_transporter_circle, grunt_megastairs_5
Zot:2:    layout_gridlike
Zot:3:    layout_misc_corridors
Zot:4:    kennysheep_blocky_room, layout_onion_interference
Zot:5:    layout_gridlike

Skill      XL: |  1  2  3  4  5  6  7  8  9 10 11 12 13 14 15 16 17 18 19 20 21 22 23 24 25 26 27 |
---------------+----------------------------------------------------------------------------------+-----
Throwing       | 2 3 6 7 10 16 | 16.0
Armour         | 1 2 3 4 5 7 8 9 10 12 13 14 15 16 18 19 20 21 22 | 22.0
Axes           | 4 5 6 8 9 10 12 13 14 15 16 17 18 | 18.0
Invocations    | 2 5 6 10 13 | 13.7
Dodging        | 4 5 7 9 10 11 12 13 14 16 17 18 19 22 | 22.0
Fighting       | 3 5 7 9 11 12 13 14 15 16 17 20 22 | 22.5
Evocations     | 9 10 11 14 16 18 19 | 19.0
Polearms       | 9 |  9.2

Action                     |  1- 3 |  4- 6 |  7- 9 | 10-12 | 13-15 | 16-18 | 19-21 | 22-24 | 25-27 || total
---------------------------+-------+-------+-------+-------+-------+-------+-------+-------+-------++-------
  Melee: War axe           |    44 |    53 |   115 |       |       |    34 |  1014 |  1469 |       ||  2729
         Hand axe          |    35 |    50 |   366 |   865 |  1228 |   933 |       |       |       ||  3477
         Broad axe         |       |       |       |       |   416 |  1004 |  1052 |  1497 |       ||  3969
         Demon trident     |       |       |       |       |       |       |       |   193 |  2180 ||  2373
         Spear             |       |       |       |       |       |       |       |    19 |       ||    19
         Trishula          |       |       |       |       |       |       |       |   174 |  2207 ||  2381
  Throw: Throwing net      |       |     1 |       |       |       |       |       |       |       ||     1
         Dart              |       |       |       |     2 |    10 |       |     5 |    13 |     2 ||    32
         Javelin           |       |       |       |       |       |       |       |     2 |    23 ||    25
 Invoke: Heroism           |       |       |       |     3 |     8 |    12 |    15 |    21 |    13 ||    72
         Receive Weapon    |       |       |       |       |     1 |       |       |       |       ||     1
         Receive Armour    |       |       |       |       |     1 |       |       |       |       ||     1
         Finesse           |       |       |       |       |     1 |     1 |     2 |     2 |     5 ||    11
  Evoke: Wand              |       |       |     2 |     3 |     1 |     1 |     3 |     5 |     9 ||    24
         Condenser vane    |       |       |       |       |       |     3 |     1 |       |     4 ||     8
         Lightning rod     |       |       |       |       |       |       |       |       |     4 ||     4
         Phial of floods   |       |       |       |       |       |       |       |       |     1 ||     1
    Use: Potion            |       |     2 |       |       |     2 |     8 |     7 |     4 |    19 ||    42
         Scroll            |       |       |    11 |     4 |     6 |    11 |     5 |    12 |    13 ||    62
   Stab: Sleeping          |     2 |       |       |       |       |       |       |       |       ||     2
         Held in net/web   |       |     2 |       |       |       |       |       |       |       ||     2
         Distracted        |       |       |       |       |     2 |     1 |       |     6 |     3 ||    12
         Paralysed         |       |       |       |       |     2 |       |       |     7 |       ||     9
         Invisible         |       |       |       |       |       |       |       |       |     8 ||     8
 Armour: Leather armour    |    31 |       |       |       |       |       |       |       |       ||    31
         Chain mail        |     3 |    44 |   225 |    66 |   241 |   707 |   731 |  1075 |   344 ||  3436
         Acid dragon scale |       |       |       |   250 |   239 |       |       |       |       ||   489
         Quicksilver drago |       |       |       |       |       |       |       |       |   571 ||   571
  Dodge: Dodged            |    37 |    25 |   111 |   328 |   678 |   841 |  1013 |  1448 |  1637 ||  6118
         Repelled          |       |       |       |       |       |       |     5 |    37 |    12 ||    54

Table legend: (Time is in decaauts)
 A = Elapsed time spent in this place.
 B = Non-inter-level travel time spent in this place.
 C = Inter-level travel time spent in this place.
 D = Time resting spent in this place.
 E = Time spent auto-exploring this place.
 F = Levels seen in this place.
 G = Mean time per level.
                   A        B        C        D        E       F      G
               +--------+--------+--------+--------+--------+-----+--------+
         Total |  85411 |  73071 |  12340 |  13104 |  43774 |  54 | 1581.7 |
       Dungeon |  20276 |  15939 |   4337 |   1759 |  11014 |  15 | 1351.7 |
        Temple |    172 |     98 |     74 |     93 |      0 |   1 |  172.0 |
          Lair |   6184 |   5159 |   1025 |    194 |   4036 |   5 | 1236.8 |
         Swamp |   4822 |   4699 |    123 |   1622 |   2035 |   4 | 1205.5 |
     Snake Pit |   7512 |   6692 |    820 |    974 |   4414 |   4 | 1878.0 |
  Orcish Mines |   2897 |   2187 |    710 |    367 |   1310 |   2 | 1448.5 |
   Elven Halls |   7234 |   6583 |    651 |    998 |   4219 |   3 | 2411.3 |
        Vaults |  10378 |   8583 |   1795 |    567 |   5294 |   5 | 2075.6 |
        Depths |   9836 |   8105 |   1731 |   1581 |   4693 |   4 | 2459.0 |
          Hell |     37 |     37 |      0 |      0 |      0 |   1 |   37.0 |
           Zot |  11931 |  10861 |   1070 |   3581 |   5432 |   5 | 2386.2 |
        Bazaar |    100 |    100 |      0 |      0 |     48 |   1 |  100.0 |
         Trove |     41 |     41 |      0 |      0 |     14 |   1 |   41.0 |
        Bailey |    554 |    554 |      0 |    132 |    157 |   1 |  554.0 |
        Wizlab |   1104 |   1104 |      0 |    695 |     58 |   1 | 1104.0 |
    Desolation |   2327 |   2327 |      0 |    538 |   1050 |   1 | 2327.0 |
               +--------+--------+--------+--------+--------+-----+--------+

Top non-repeatable levels by time:
   Zot:5: 3468 daAuts
Depths:3: 3390 daAuts
Vaults:5: 3091 daAuts
Depths:1: 3087 daAuts
   Elf:3: 2885 daAuts
 Snake:4: 2858 daAuts
   Zot:1: 2812 daAuts
   Elf:2: 2674 daAuts
 Snake:3: 2622 daAuts
   Zot:4: 2594 daAuts
Vaults:2: 2591 daAuts
Vaults:1: 2455 daAuts
    D:14: 2347 daAuts
Desolation: 2327 daAuts
    D:13: 2123 daAuts
